 Dungeon Crawl Stone Soup version 0.27-a0-1202-ge72e49191c (webtiles) character file.

Game seed: 2329511486482855668

67 Ancestrald the Skirmisher (level 4, -3/42 HPs)
             Began as a Minotaur Abyssal Knight on June 2, 2021.
             Was a Follower of Lugonu.
             Slain by Pikel
             ... wielding a +1 whip of electrocution
              (4 damage)
             ... on level 4 of the Dungeon.
             The game lasted 00:06:35 (3541 turns).

Ancestrald the Skirmisher (Minotaur Abyssal Knight) Turns: 3541, Time: 00:06:37

Health: -3/42      AC:  3    Str: 17    XL:     4   Next: 0%
Magic:  13/13      EV: 11    Int:  9    God:    Lugonu [*.....]
Gold:   139        SH:  0    Dex: 10    Spells: 3/3 levels left

rFire    . . .     SeeInvis .   a - +1 falchion
rCold    . . .     Faith    +   (no shield)
rNeg     . . .     Spirit   .   b - +0 leather armour
rPois    .         Reflect  .   (helmet restricted)
rElec    .         Harm     .   (no cloak)
rCorr    .         Rampage  .   (no gloves)
Will     .....                  (no boots)
Stlth    +.........             i - amulet of faith
HPRegen  0.14/turn              f - ring of magical power
MPRegen  0.13/turn              (no ring)

@: no status effects
A: horns 2, retaliatory headbutt
a: Renounce Religion, Depart the Abyss


You were on level 4 of the Dungeon.
You worshipped Lugonu.
Lugonu was aware of your devotion.
You visited 1 branch of the dungeon, and saw 4 of its levels.
You visited the Abyss 1 time.

You collected 139 gold pieces.

Inventory:

Hand Weapons
 a - a +1 falchion (weapon)
Missiles
 c - 2 throwing nets (quivered)
 d - 32 stones
Armour
 b - a +0 leather armour (worn)
Jewellery
 f - a ring of magical power (left hand)
 i - an amulet of faith (around neck)
Scrolls
 h - a scroll of teleportation
Potions
 e - 3 potions of mutation {unknown}
 k - 2 potions of flight {unknown}


   Skills:
 + Level 5.1 Fighting
 + Level 3.1 Long Blades
 + Level 2.9 Armour
 + Level 1.2 Dodging
 + Level 0.2 Stealth
 + Level 1.9 Invocations


You had 3 spell levels left.
You didn't know any spells.
Your spell library contained the following spells:

 Spells                   Type           Power      Damage    Failure   Level
 Confusing Touch          Hex            0%         N/A       82%         3
 Gell's Gravitas          Tloc           0%         N/A       82%         3
 Petrify                  Tmut/Erth      0%         N/A       99%         4
 Metabolic Englaciation   Hex/Ice        0%         N/A       100%        5
 Yara's Violent Unravell  Hex/Tmut       0%         3d3       100%        5


Dungeon Overview and Level Annotations

Branches:
Dungeon (4/15)
 Temple: D:4-7

Altars:
Nemelex Xobeh
Uskayaw

Annotations:
D:4 Pikel


Innate Abilities, Weirdness & Mutations

You have a pair of horns on your head.
You reflexively headbutt those who attack you in melee.


Message History

The lemure is heavily wounded.
The lemure hits you.
You hit the lemure.
The lemure is severely wounded.
The lemure barely misses you. You furiously retaliate!
You headbutt the lemure. You barely miss the lemure.
The lemure is severely wounded.
The lemure closely misses you. You furiously retaliate!
You headbutt the lemure. The lemure barely misses you.
You hit the lemure. You headbutt the lemure.
The lemure is almost dead.
The lemure misses you.
You riposte.
You miss the lemure.
The lemure is almost dead.
The lemure hits you but does no damage.
You closely miss the lemure. Your headbutt misses the lemure.
The lemure is almost dead.
The lemure closely misses you. x2
You hit the lemure. Your headbutt misses the lemure.
The lemure is almost dead.
The lemure hits you but does no damage. The lemure closely misses you.
The lemure hits you!
You hit the lemure.
You headbutt the lemure, but do no damage.
The lemure is almost dead.
The lemure misses you.
You hit Pikel.
Pikel is lightly wounded.
A goblin comes into view. It is wielding a +2 dagger of speed.
The lemure hits you but does no damage.
Pikel hits you with a +1 whip of electrocution!
You are electrocuted!
* * * LOW HITPOINT WARNING * * *
You closely miss Pikel.
The goblin shouts!
You headbutt Pikel.
Pikel is lightly wounded.
The lemure hits you.
* * * LOW HITPOINT WARNING * * *
Pikel hits you with a +1 whip of electrocution.
You die...

.........
......#.#
........###
#........
#......# #
#......###.###
#.............
#.....@5....#
#.<..K####g.#
#..###5..5..#
#.## #.##..#
... ... ###.
##5 #. K# #. #
#.


You could see Pikel, a lemure and a goblin.

Vanquished Creatures
  2 adders (D:2)
  A worm (D:3)
  An orc (D:3)
  3 bats
  4 endoplasms
  3 giant cockroaches
  2 goblins
  6 hobgoblins
  5 kobolds
  A quokka (D:2)
  3 ball pythons
  3 frilled lizards (D:1)
  10 rats
44 creatures vanquished.

Vanquished Creatures (others)
  16 plants (D:1)
16 creatures vanquished.

Grand Total: 60 creatures vanquished

Notes
Turn   | Place    | Note
-------+----------+-------------------------------------------
     0 | Abyss:1  | Ancestrald the Minotaur Abyssal Knight began the quest for
                  | the Orb.
     0 | Abyss:1  | Reached XP level 1. HP: 19/19 MP: 1/1
    59 | Abyss:1  | Found a corrupted altar of Lugonu.
   114 | Abyss:1  | Noticed a small abomination
   114 | Abyss:1  | Noticed a tentacled starspawn
   115 | D:1      | Escaped the Abyss
   401 | D:1      | Reached skill level 4 in Fighting
   494 | D:1      | Reached XP level 2. HP: 27/27 MP: 2/2
   565 | D:1      | Reached * piety under Lugonu
  1285 | D:2      | Reached XP level 3. HP: 33/35 MP: 3/3
  1672 | D:2      | Reached skill level 5 in Fighting
  2067 | D:2      | Found a faded altar of an unknown god.
  2561 | D:3      | Found a hide-covered altar of Uskayaw.
  2563 | D:3      | Found a sparkling altar of Nemelex Xobeh.
  3207 | D:3      | Reached XP level 4. HP: 42/42 MP: 4/4
  3528 | D:4      | Noticed a lemure
  3528 | D:4      | Noticed a lemure
  3529 | D:4      | Noticed a lemure
  3530 | D:4      | Noticed Pikel
  3541 | D:4      | HP: 1/42 [lemure[Pikel] (4)]
  3541 | D:4      | Slain by Pikel

Illustrated notes

Levels and vault maps discovered:
D:1:      tarquinn_simple_flora_water_a, layout_loops_corners
D:2:      layout_basic, ebering_ecumenical_altar_abandoned
D:3:      layout_basic, grunt_temple_overflow_open, serial_bayou_ford_a
D:4:      layout_loops_ring, nicolae_overflow_hidden_temple, uniq_blork_the_orc,
          uniq_pikel

Skill      XL: |  1  2  3 |
---------------+----------+-----
Fighting       | 4 5 |  5.1
Long Blades    | 3 |  3.1
Armour         | |  2.9
Dodging        | |  1.2
Stealth        | |  0.2
Invocations    | |  1.9

Action                   |  1- 3 |  4- 6 || total
-------------------------+-------+-------++-------
Melee: Falchion          |   100 |    10 ||   110
       Headbutt          |    16 |     4 ||    20
Invok: Depart the Abyss  |     1 |       ||     1
  Use: Scroll            |     3 |     2 ||     5
Armor: Leather armour    |    23 |     3 ||    26
Dodge: Dodged            |    45 |     8 ||    53
       Rpst.: Falchion   |    12 |     1 ||    13

Table legend: (Time is in decaauts)
 A = Elapsed time spent in this place.
 B = Non-inter-level travel time spent in this place.
 C = Inter-level travel time spent in this place.
 D = Time resting spent in this place.
 E = Time spent auto-exploring this place.
 F = Levels seen in this place.
 G = Mean time per level.
                   A        B        C        D        E       F      G
               +--------+--------+--------+--------+--------+-----+--------+
         Total |   3565 |   3364 |    201 |    384 |   2594 |   5 |  713.0 |
       Dungeon |   3450 |   3249 |    201 |    384 |   2490 |   4 |  862.5 |
         Abyss |    115 |    115 |      0 |      0 |    104 |   1 |  115.0 |
               +--------+--------+--------+--------+--------+-----+--------+

Top non-repeatable levels by time:
     D:2: 1452 daAuts
     D:1: 987 daAuts
     D:3: 940 daAuts
 Abyss:1: 115 daAuts
     D:4: 70 daAuts
